 Dungeon Crawl Stone Soup version 0.31-a0-1499-ge0622b2318 (webtiles) character file.

Game seed: 5036168504032325596

3187 experimilk the Grappler (level 9, -3/76 HPs)
             Began as a Troll Gladiator on Dec 27, 2023.
             Was a Follower of Uskayaw.
             Shot with an arrow by a centaur (16 damage)
             ... on level 8 of the Dungeon on Dec 30, 2023.
             The game lasted 00:15:09 (8493 turns).

experimilk the Grappler (Troll Gladiator)           Turns: 8493, Time: 00:15:10

Health: -3/76      AC:  4    Str: 28    XL:     9   Next: 64%
Magic:  13/13      EV: 10    Int:  4    God:    Uskayaw [*.....]
Gold:   33         SH:  0    Dex: 11    Spells: 8/8 levels left

rFire   + .          .
                       - Unarmed
rCold   + . .        (no shield)
rNeg    . . .        l - +0 animal skin
rPois   .            b - +0 hat
rElec   .            x - scarf {rC+ rF+}
rCorr   .            (gloves unavailable)
SInv    .            (boots unavailable)
Will    .....        t - amulet of faith
Stlth   +            (no ring)
HPRegen 1.12/turn    (no ring)
MPRegen 0.13/turn

%: faith
@: lethally poisoned (-3 -> -5), about to teleport, slowed, very slow
A: large, unfitting armour, claws 3, regeneration 1, shaggy fur 1, tough skin 1
a: Renounce Religion, Stomp


You were on level 8 of the Dungeon.
You worshipped Uskayaw.
Uskayaw was noncommittal.
You visited 2 branches of the dungeon, and saw 9 of its levels.

You collected 514 gold pieces.
You spent 481 gold pieces at shops.

Inventory:

Missiles
 a - 2 poisoned darts (quivered)
 c - a large rock
 d - 5 throwing nets
 z - 5 boomerangs
Armour
 b - a +0 hat (worn)
 k - a +0 cloak
 l - a +0 animal skin (worn)
 x - a scarf of resistance (worn)
Jewellery
 t - an amulet of faith (around neck)
Wands
 j - a wand of roots (8)
 r - a wand of polymorph (5)
 u - a wand of charming (3)
Scrolls
 e - a scroll of torment
 m - a scroll of poison {unknown}
 n - a scroll of acquirement {unknown}
 p - 2 scrolls of fear
 w - 2 scrolls of revelation {unknown}
Potions
 g - 2 potions of degeneration {unknown}
 h - 2 potions of attraction
 i - 2 potions of curing
 q - a potion of brilliance
 s - a potion of cancellation
 v - 2 potions of ambrosia {unknown}
 A - a potion of haste {unknown}
 B - a potion of lignification {unknown}


   Skills:
 - Level 1.5 Fighting
 + Level 5.4 Throwing
 - Level 2.4 Dodging
 - Level 10.0 Unarmed Combat
 + Level 7.2 Invocations


You had 8 spell levels left.
You didn't know any spells.
Your spell library contained the following spells:

 Spells                   Type           Power      Damage    Failure   Level
 Foxfire                  Conj/Fire      0%         2x1d4     50%         1
 Necrotise                Necr           0%         1d4       50%         1
 Scorch                   Fire           0%         2d5       65%         2
 Stone Arrow              Conj/Erth      0%         3d7       86%         3
 Vampiric Draining        Necr           0%         2d6       86%         3
 Animate Armour           Summ/Erth      0%         N/A       99%         4
 Martyr's Knell           Necr/Summ      0%         N/A       99%         4
 Alistair's Intoxication  Alch           0%         N/A       100%        5
 Borgnjor's Vile Clutch   Necr/Erth      0%         N/A       100%        5
 Curse of Agony           Necr           0%         N/A       100%        5
 Death Channel            Necr           0%         N/A       100%        6
 Eringya's Noxious Bog    Alch           0%         4d6       100%        6
 Plasma Beam              Fire/Air       0%         2x1d10    100%        6
 Starburst                Conj/Fire      0%         6d3       100%        6
 Lehudib's Crystal Spear  Conj/Erth      0%         10d2      100%        8
 Death's Door             Necr           0%         N/A       100%        9


Dungeon Overview and Level Annotations

Branches:
Dungeon (8/15)             Temple (1/1) D:4
   Lair: D:8-11

Altars:
Ashenzari
Cheibriados
Dithmenos
Elyvilon
Fedhas
Gozag
Hepliaklqana
Kikubaaqudgha
Makhleb
Nemelex Xobeh
Qazlal
Ru
Sif Muna
Trog
Uskayaw
Vehumet
Wu Jian
Xom
Yredelemnul
Zin
The Shining One

Shops:
D:1 =   D:5 =?:=   D:7 [*?=


Innate Abilities, Weirdness & Mutations

You are too large for most types of armour.
You have claws for hands.
Your natural rate of healing is unusually fast.
You are covered in fur. (AC +1)
You have tough skin. (AC +1)


Message History

You are more poisoned.
The killer bee poisons you! The bullfrog hits you! The killer bee stings you!
You are more poisoned.
The killer bee poisons you!
Blink to where?
Press: ? - help, Q - select action, (/) - cycle Dir - move target
Found 14 gold pieces.
As you read the scroll of blinking, it crumbles to dust.
You feel very sick.
As you read the scroll of teleportation, it crumbles to dust.
You feel strangely unstable.
You feel very sick.
You feel better.
You can no longer pass through a line of other dancers.
Your surroundings suddenly seem different.
A centaur comes into view.
Found 4 gold pieces.
The centaur shouts!
You hear a shout!
The centaur wields a +0 orcbow.
The centaur shoots an arrow.
The arrow barely misses you.
The centaur shoots an arrow.
The arrow hits you!
* * * LOW HITPOINT WARNING * * *
An orc wizard, an orc and a kobold come into view.
The orc shouts!
The kobold shouts!
You hear a shout! x2
An orc comes into view. It is wielding a +0 hand axe.
A kobold comes into view. It is wielding a +0 dagger.
An orc and a kobold come into view.
The orc shouts!
The kobold shouts! x2; You hear an angry buzzing noise.
The kobold brigand throws a curare-tipped dart.
The curare-tipped dart hits you.
You are poisoned.
You have difficulty breathing.
* * * LOW HITPOINT WARNING * * *
You feel yourself slow down.
The kobold moves out of view.
You hear a croak.
As you read the scroll of teleportation, it crumbles to dust.
You feel strangely unstable.
You feel very sick.
The centaur shoots an arrow.
The arrow hits you!
You die...

.### ...#####
###......##########
......##..........# .
....c..##.........#..
........#............
........c............
........#####@...ooo.
......... #........
.........##.#........
......$####.#........
...$..# #...K<..o...
#####.# ##..##.KK....
...# #...#...(....
### #.###.#.#...(....
..# ##..##.#........


You could see a kobold brigand, a centaur, an orc wizard, 3 orcs and 2 kobolds.

Vanquished Creatures
  A hornet (D:7)
  A vampire (D:7)
  A shadow (D:7)
  Edmund (D:5)
  A water moccasin (D:7)
  3 black bears
  An ice beast (D:6)
  An ogre (D:6)
  A centaur (D:5)
  A kobold brigand (D:6)
  A phantom (D:3)
  3 bullfrogs
  4 scorpions
  6 wights (D:7)
  6 killer bees
  2 hounds
  A jelly (D:6)
  A bombardier beetle (D:5)
  2 orc priests (D:4)
  Crazy Yiuf (D:3)
  2 sleepcaps
  Ijyb (D:3)
  3 iguanas
  8 orc wizards
  Robin (D:3)
  3 gnolls (D:7)
  5 adders
  A ribbon worm (D:2)
  A shadow imp (D:7)
  2 white imps
  4 dart slugs
  25 orcs
  8 ball pythons
  10 bats
  9 endoplasms
  2 giant cockroaches
  16 goblins
  6 hobgoblins
  3 jackals
  5 quokkas
  6 frilled lizards
  14 kobolds
  7 rats
181 creatures vanquished.

Notes
Turn   | Place    | Note
-------+----------+-------------------------------------------
     0 | D:1      | experimilk the Troll Gladiator began the quest for the Orb.
     0 | D:1      | Reached XP level 1. HP: 19/19 MP: 0/0
    21 | D:1      | Upgraded the game from 0.31-a0-1424-g2add1c7226 to
                  | 0.31-a0-1499-ge0622b2318
   191 | D:1      | Got the Secrets of the Smouldering Cemetery
   212 | D:1      | Reached XP level 2. HP: 24/27 MP: 1/1
   253 | D:1      | Found Lawes's Jewellery Emporium.
   319 | D:1      | Reached skill level 4 in Unarmed Combat
   929 | D:2      | Reached XP level 3. HP: 33/33 MP: 2/2
  1360 | D:3      | Reached XP level 4. HP: 39/41 MP: 3/3
  1398 | D:3      | Reached skill level 5 in Unarmed Combat
  1857 | D:3      | Noticed Robin
  1863 | D:3      | Noticed Ijyb
  2076 | D:3      | Killed Ijyb
  2079 | D:3      | Killed Robin
  2232 | D:3      | Noticed a phantom
  2241 | D:3      | Killed a phantom
  2242 | D:3      | Reached skill level 6 in Unarmed Combat
  2242 | D:3      | Reached XP level 5. HP: 35/48 MP: 4/4
  2509 | D:3      | Found a runed translucent door.
  2510 | D:3      | Noticed Crazy Yiuf
  2955 | D:3      | Killed Crazy Yiuf
  3069 | D:4      | Reached XP level 6. HP: 55/55 MP: 5/5
  3336 | D:4      | Reached skill level 7 in Unarmed Combat
  3941 | D:4      | Found a staircase to the Ecumenical Temple.
  4003 | D:4      | Found a blossoming altar of Fedhas.
  4234 | Temple   | Entered the Ecumenical Temple
  4244 | Temple   | Became a worshipper of Uskayaw the Reveller
  4286 | D:5      | Entered Level 5 of the Dungeon
  4313 | D:5      | Reached * piety under Uskayaw
  4381 | D:5      | Reached ** piety under Uskayaw
  4382 | D:5      | Reached skill level 8 in Unarmed Combat
  4382 | D:5      | Reached XP level 7. HP: 30/62 MP: 6/6
  4611 | D:5      | Found Boakuf's Book Emporium.
  4611 | D:5      | Found Jakhuan's Jewellery Shoppe.
  4689 | D:5      | Reached skill level 1 in Invocations
  4943 | D:5      | Found Reuhenom's Magic Scroll Emporium.
  4944 | D:5      | Found Xuggewaf's Jewellery Boutique.
  5183 | D:5      | Noticed Edmund
  5195 | D:5      | Reached *** piety under Uskayaw
  5197 | D:5      | Killed Edmund
  5208 | D:5      | Reached skill level 9 in Unarmed Combat
  5618 | D:6      | Reached XP level 8. HP: 69/70 MP: 7/9
  5675 | D:6      | Reached **** piety under Uskayaw
  5676 | D:6      | Reached ***** piety under Uskayaw
  5885 | D:6      | Reached skill level 10 in Unarmed Combat
  5976 | D:6      | Found a stormy altar of Qazlal.
  6514 | D:1      | Bought an amulet of faith for 400 gold pieces
  6688 | D:7      | Reached skill level 5 in Invocations
  6859 | D:7      | Found Purgh's General Store.
  6860 | D:7      | Found Qiytiripn's Jewellery Emporium.
  6906 | D:7      | Found Puav's Antique Armour Boutique.
  6906 | D:7      | Found Perchuryfe's Magic Scroll Emporium.
  7020 | D:7      | Noticed a hornet
  7027 | D:7      | Killed a hornet
  7028 | D:7      | Reached XP level 9. HP: 23/76 MP: 12/12
  7802 | D:7      | Reached skill level 5 in Throwing
  8197 | D:7      | Bought a potion of curing for 42 gold pieces
  8330 | D:7      | Bought a scroll of teleportation for 39 gold pieces
  8493 | D:8      | Shot with an arrow by a centaur

Illustrated notes

Levels and vault maps discovered:
D:1:      onia_arrival_mini_maze, layout_loops_ring, serial_shops, shop,
          serial_bayou, serial_bayou_pond_b, serial_bayou_pond_a,
          serial_bayou_shore_a, serial_bayou_shore_b, serial_bayou_pond_e,
          serial_bayou_lagoon_b, solitary_fountain
D:2:      layout_rooms, dreamdust_wishing_well, grunt_decor_fettered
D:3:      layout_basic, minmay_joined_circles, uniq_robin, uniq_ijyb,
          uniq_crazy_yiuf_cottage
D:4:      layout_loops_ring, fedhas_altar_fruit_tree,
          minmay_temple_entry_drinking_statues
D:5:      layout_gridville, serial_shops, shop, nicolae_diamond_shop, shop,
          nicolae_shop_tiny_glass, minmay_misc_feat_rugged,
          chequers_serial_rivers_large_a, uniq_edmund
D:6:      layout_gridville, overflow_temple_1_default
D:7:      layout_basic, nicolae_wooded_promenade, amcnicky_mini_pool_medium
D:8:      layout_rooms, general_overflow_altar, chequers_mini_garden,
          st_stairs_7, grunt_decor_clamped
Temple:   hellmonk_temple_of_storms

Skill      XL: |  1  2  3  4  5  6  7  8  9 |
---------------+----------------------------+-----
Unarmed Combat | 4 6 8 9 10 | 10.0
Invocations    | 2 5 7 |  7.2
Throwing       | 3 5 |  5.4
Fighting       | |  1.5
Dodging        | |  2.4

Action                     |  1- 3 |  4- 6 |  7- 9 || total
---------------------------+-------+-------+-------++-------
  Melee: Unarmed           |   106 |   154 |   177 ||   437
         Punch             |     2 |     5 |     3 ||    10
  Throw: Boomerang         |       |       |    29 ||    29
         Dart              |       |       |    23 ||    23
         Large rock        |       |       |     3 ||     3
 Invoke: Stomp             |       |       |     3 ||     3
         Line Pass         |       |       |     2 ||     2
    Use: Scroll            |     4 |       |    13 ||    17
         Potion            |       |       |     4 ||     4
   Stab: Confused          |       |       |     1 ||     1
         Paralysed         |       |       |     6 ||     6
 Armour: Robe              |    58 |    59 |       ||   117
         Animal skin       |       |    62 |   147 ||   209
  Dodge: Dodged            |    62 |    74 |    77 ||   213

Table legend: (Time is in decaauts)
 A = Elapsed time spent in this place.
 B = Non-inter-level travel time spent in this place.
 C = Inter-level travel time spent in this place.
 D = Time resting spent in this place.
 E = Time spent auto-exploring this place.
 F = Levels seen in this place.
 G = Mean time per level.
                   A        B        C        D        E       F      G
               +--------+--------+--------+--------+--------+-----+--------+
         Total |   8448 |   7805 |    643 |   2277 |   4308 |   9 |  938.7 |
       Dungeon |   8432 |   7789 |    643 |   2277 |   4308 |   8 | 1054.0 |
        Temple |     15 |     15 |      0 |      0 |      0 |   1 |   15.0 |
               +--------+--------+--------+--------+--------+-----+--------+

Top non-repeatable levels by time:
     D:3: 1840 daAuts
     D:7: 1677 daAuts
     D:5: 1365 daAuts
     D:4: 1042 daAuts
     D:1: 985 daAuts
     D:6: 827 daAuts
     D:2: 567 daAuts
     D:8: 126 daAuts
  Temple: 15 daAuts
